 Dungeon Crawl Stone Soup version 0.24.1-14-gf8d2b509d9 (webtiles) character file.

Game seed: 5002390705042491808, levelgen mode: deterministic

36 Mrkan the Skirmisher (level 3, 0/33 HPs)
             Began as a Minotaur Abyssal Knight on May 23, 2020.
             Was a Follower of Lugonu.
             Slain by an orc warrior
             ... wielding a +0 scimitar
              (5 damage)
             ... on level 2 of the Dungeon.
             The game lasted 00:01:35 (722 turns).

Mrkan the Skirmisher (Minotaur Abyssal Knight)       Turns: 722, Time: 00:01:35

Health: 0/33       AC:  9    Str: 16    XL:     3   Next: 19%
Magic:  3/3        EV:  7    Int:  9    God:    Lugonu [*.....]
Gold:   120        SH:  0    Dex: 10    Spells: 2/2 levels left

rFire    . . .     SeeInvis .   a - +1 hand axe
rCold    . . .     Gourm    .   (no shield)
rNeg     . . .     Faith    .   f - +0 chain mail
rPois    .         Spirit   .   (helmet restricted)
rElec    .         Reflect  .   (no cloak)
rCorr    .         Harm     .   (no gloves)
MR       .....                  (no boots)
Stlth    ..........             (no amulet)
HPRegen  0.11/turn              (no ring)
MPRegen  0.08/turn              (no ring)

@: no status effects
A: retaliatory headbutt, horns 2
a: Depart the Abyss, Renounce Religion


You were on level 2 of the Dungeon.
You worshipped Lugonu.
Lugonu was aware of your devotion.
You were not hungry.

You visited 1 branch of the dungeon, and saw 2 of its levels.
You visited the Abyss 1 time.

You collected 120 gold pieces.

Inventory:

Hand Weapons
 a - a +1 hand axe (weapon)
Armour
 f - a +0 chain mail (worn)
Scrolls
 d - a scroll of enchant armour {unknown}
 g - a scroll of enchant weapon {unknown}
 i - 3 scrolls of remove curse {unknown}
 k - a scroll of identify {unknown}
Potions
 b - a potion of heal wounds {unknown}
 e - 2 potions of lignification {unknown}
 h - 2 potions of flight {unknown}
 j - a potion of mutation {unknown}
Comestibles
 c - 2 rations


   Skills:
 + Level 3.9 Fighting
 * Level 3.3 Axes
 + Level 2.8 Armour
 + Level 1.6 Dodging
 + Level 2.1 Invocations


You had 2 spell levels left.
You didn't know any spells.
Your spell library contained the following spells:

 Spells                   Type           Power        Failure   Level  Hunger
 Magic Dart               Conj           #...         100%        1    ##.....
 Searing Ray              Conj           #.....       100%        2    ###....
 Dazzling Spray           Conj/Hex       #.....       100%        3    ####...
 Force Lance              Conj/Tloc      #.......     100%        4    #####..
 Fulminant Prism          Conj/Hex       #.........   100%        4    #####..
 Iskenderun's Mystic Bla  Conj           #.......     100%        4    #####..


Dungeon Overview and Level Annotations

Branches:
Dungeon (2/15)

Altars:


Innate Abilities, Weirdness & Mutations

You reflexively headbutt those who attack you in melee.
You have a pair of horns on your head.


Message History

An orc comes into view. It is wielding a +0 falchion.
An orc comes into view. It is wielding a +0 hand axe.
The orc moves out of view.
The orc shouts!
The adder bites you but does no damage.
The orc warrior hits you with a +0 scimitar!!
Ouch! That really hurt!
* * * LOW HITPOINT WARNING * * *
The adder bites you.
* * * LOW HITPOINT WARNING * * *
You hit the adder. You headbutt the adder.
You kill the adder!
Lugonu accepts your kill.
You have reached level 3!
Your experience leads to an increase in your attributes!
Increase (S)trength, (I)ntelligence, or (D)exterity?
You feel agile.
You closely miss the orc warrior.
The orc warrior hits you with a +0 scimitar.
You die...

.. #.#.#
##.#.#
#..#.#
####..#.#
.....#.#
######..#.#
..........#
####.#.###
#..@#
#...olog..#
#.#.#.#o###
##.#.#....
#.# . # o.#
## #. #.#
.# .# . .


You could see an orc warrior, 3 orcs, a hobgoblin and a frilled lizard.

Vanquished Creatures
  An adder (D:2)
  2 leopard geckos (D:1)
  A giant cockroach (D:1)
  6 goblins
  3 hobgoblins (D:1)
  4 bats (D:1)
  4 kobolds (D:1)
  3 rats
24 creatures vanquished.

Notes
Turn   | Place    | Note
-------+----------+-------------------------------------------
     0 | Abyss:1  | Mrkan the Minotaur Abyssal Knight began the quest for the
                  | Orb.
     0 | Abyss:1  | Reached XP level 1. HP: 19/19 MP: 1/1
     0 | Abyss:1  | Found a corrupted altar of Lugonu.
    81 | Abyss:2  | Noticed a rakshasa
    86 | Abyss:2  | Noticed a large abomination
    87 | D:1      | Escaped the Abyss
   184 | D:1      | Reached XP level 2. HP: 25/27 MP: 2/2
   285 | D:1      | Reached * piety under Lugonu
   720 | D:2      | Noticed an orc warrior
   722 | D:2      | Reached XP level 3. HP: 5/33 MP: 3/3
   722 | D:2      | Slain by an orc warrior

Levels and vault maps discovered:
D:1:      sevenhm_arrival_forest_fort_small_3, layout_rooms, minivault_5
D:2:      minmay_spotlight, layout_basic, kennysheep_okawaru_gauntlet,
          ashenzari_altar_1, minmay_tiny_reverse_x

Skill      XL: |  1  2 |
---------------+-------+-----
Axes           | 3 |  3.3
Invocations    | 2 |  2.1
Fighting       | |  3.9
Armour         | |  2.8
Dodging        | |  1.6

Action                   || total
-------------------------++-------
Melee: Hand axe          ||    43
       Headbutt          ||     8
Invok: Depart the Abyss  ||     1
Armor: Chain mail        ||    27
Dodge: Dodged            ||    15
